[Event "Late-Titled-Tuesday-Blitz-September-19-2023"]
[Site "Chess.com"]
[Date "2023.09.19"]
[Round "6"]
[White "Sacbutt"]
[Black "KejJaj"]
[Result "1-0"]
[WhiteElo "2361"]
[BlackElo "2206"]
[TimeControl "180+1"]
[EndTime "15:05:33 PDT"]
[Termination "Sacbutt won by resignation"]

1. e4 c5 2. Nf3 d6 3. d4 cxd4 4. Qxd4 Nc6 5. Bb5 Bd7 6. Bxc6 Bxc6 7. Nc3 e6 8. Bg5 Nf6 9. O-O-O Be7 10. h4 O-O 11.
Kb1 h6 12. Be3 b5 13. g4 Nxg4 14. Rdg1 e5 15. Qd2 Nxe3 16. Qxe3 Kh8 17. Ng5 Bf6 18. Nd5 a5 19. Rh3 b4 20. Rf3 Bxg5 21. hxg5 h5 22. Rh3 g6 23. Nf6 Kg7 24. Rd1 Qc7 25. Qe2 Rh8 26.
Rhd3 Bb5 27. Nd5 Bxd3 28. Qxd3 Qc5 29. Qf3 Rhf8 30. Rh1 Qd4 31. Qf6+ Kh7 32. f3 Qxd5 33. exd5 Rad8 34. Rd1 Kg8 35. f4 exf4 36. Qxf4 Rfe8 37. Rf1 Re7 38. Qf6 Rde8 39. b3 Rd7 40. Kb2 Rf8 41. Rf4 Rdd8 42. Rc4 Rd7 43. Re4 Rdd8 44. Re7 Rc8 45.
Qxd6 Rcd8 46. Qe5 Rc8 47. d6 Rcd8 48. d7 Kh7 49. Qd5 Kg8 50. a3 Kg7 51. axb4 axb4 52.
c3 bxc3+ 53. Kxc3 h4 54. Qd4+ Kg8 55. Qxh4 Rb8 56. Qd4 Rbd8 57. Qd6 Kh7 58. b4 Kg8 59. b5 Rb8 60. Re8 Rfxe8 61. dxe8=Q+ Rxe8 62. b6 Re6 63. Qxe6 fxe6 64. b7 e5 65. b8=Q+ Kf7 66. Qxe5 1-0

[Event "Late-Titled-Tuesday-Blitz-September-19-2023"]
[Site "Chess.com"]
[Date "2023.09.19"]
[Round "6"]
[White "rychessmaster1"]
[Black "SergioMoralesG"]
[Result "1/2-1/2"]
[WhiteElo "2735"]
[BlackElo "2454"]
[TimeControl "180+1"]
[EndTime "15:05:34 PDT"]
[Termination "Game drawn by repetition"]

1. d4 d5 2. c4 c6 3. Nf3 Nf6 4.
Nc3 e6 5. g3 dxc4 6. Bg2 Nbd7 7. O-O Be7 8. e4 O-O 9. a4 a5 10. Qe2 Nb6 11. Rd1 Bb4 12. Bf4 Qe7 13. Ne5 Bd7 14.
Nxc4 Nxc4 15. Qxc4 Rac8 16. Rac1 h6 17. h3 Rfd8 18.
Na2 b5 19. Qb3 bxa4 20. Qxa4 c5 21. Qb3 cxd4 22. Rxc8 Bxc8 23. Nxb4 axb4 24. Be5 Qc5 25. Bxf6 gxf6 26. Qd3 e5 27. Rd2 Be6 28. Rc2 Qa5 29.
Bf1 Rc8 30. Rxc8+ Bxc8 31. Qf3 Kg7 32. h4 Qa2 33. Qe2 Qb3 34. Kg2 Be6 35. Qd2 Qa4 36.
Be2 b3 37. Qd3 Qc6 38. Bd1 f5 39. f3 fxe4 40. fxe4 Qc1 41. Qe2 Kf8 42. Kf2 Kg7 43.
Ke1 Qc5 44. Qd3 Bc4 45. Qf3 d3 46. Qg4+ Kf8 47. Kd2 Qb4+ 48. Kc1 Qc5 49. Kd2 Qd4 50.
Qc8+ Kg7 51. Qg4+ Kf8 52. Qc8+ Ke7 53. Qc7+ Kf6 54. Qc6+ Be6 55. Qc3 Qxe4 56. Qxd3 Qxd3+ 57. Kxd3 Kf5 58. Ke3 e4 59. Be2 Ke5 60. Bd1 f5 61.
Be2 Bf7 62. Bd1 Be6 63. Be2 Bd5 64. Bd1 Be6 1/2-1/2

[Event "Late-Titled-Tuesday-Blitz-September-19-2023"]
[Site "Chess.com"]
[Date "2023.09.19"]
[Round "6"]
[White "enestnrvrd"]
[Black "Angry_Twin"]
[Result "0-1"]
[WhiteElo "2681"]
[BlackElo "2953"]
[TimeControl "180+1"]
[EndTime "15:05:35 PDT"]
[Termination "Angry_Twin won by resignation"]

1. d4 Nf6 2. Nf3 d5 3. c4 e6 4. Nc3 c6 5. e3 Nbd7 6. Qc2 Bd6 7. b3 O-O 8. Bb2 b6 9. Be2 Bb7 10. Rd1 Qe7 11. O-O Rfe8 12. Rfe1 Rad8 13. Bd3 c5 14. cxd5 exd5 15. h3 Rc8 16. Qb1 a6 17. Bf5 c4 18. Nd2 b5 19. bxc4 dxc4 20. e4 g6 21. e5 gxf5 22. exd6 Qxd6 23. Qxf5 b4 24. Qg5+ Kh8 25.
Rxe8+ Rxe8 26. Nxc4 Qe7 27. d5 Rg8 28. Qh4 bxc3 29.
Bxc3 Rg6 30. Re1 Qc5 31. Re8+ Kg7 32. Ne3 h6 33. Bd4 Qc1+ 34. Kh2 Qc7+ 35. g3 Kh7 36. Re7 Kg8 37. Nf5 Qd8 38. d6 h5 39. Qf4 Qf8 40. Be3 Bd5 41. Nh6+ Rxh6 42. Qxh6 Qxh6 43. Bxh6 Be6 44. Bg5 Kg7 45. Bf4 Ng8 46. Re8 Bxa2 47. Ra8 Bc4 48. Kg2 Ngf6 49. Ra7 Bd5+ 50. Kf1 Bc4+ 51.
Ke1 Bb5 52. Kd2 Kg6 53. Ke3 Kf5 54. Kd4 Ke6 55. f3 Nd5 56. Ra8 Nxf4 57. gxf4 Kxd6 58. Rh8 Nf6 59. Rh6 Ke6 60. Rh8 Kf5 61. Ke3 Nd5+ 62. Kd4 Nxf4 63. Rf8 Ne6+ 0-1

[Event "Late-Titled-Tuesday-Blitz-September-19-2023"]
[Site "Chess.com"]
[Date "2023.09.19"]
[Round "6"]
[White "IMSlavin"]
[Black "Haykoooo0o"]
[Result "0-1"]
[WhiteElo "2292"]
[BlackElo "2463"]
[TimeControl "180+1"]
[EndTime "15:05:37 PDT"]
[Termination "Haykoooo0o won by resignation"]

1. e4 c6 2. d4 d5 3. e5 c5 4. c4 e6 5. dxc5 Bxc5 6. cxd5 exd5 7. Nc3 Ne7 8. f4 Nbc6 9. Nf3 Bg4 10. Bd3 Qd7 11. h3 Bf5 12. a3 Bxd3 13. Qxd3 O-O-O 14. Bd2 Kb8 15. O-O-O Qf5 16. Qxf5 Nxf5 17. g4 Ne3 18. Rde1 Nc4 19. Ng5 Nd4 20. Nxf7 Nb3+ 21. Kc2 Nbxd2 22. Nxh8 Nf3 23. Re2 Nd4+ 24. Kd3 Nxe2 25.
Kxe2 Rxh8 26. Nxd5 Rd8 27. b4 Rxd5 28. bxc5 Nxe5 29. fxe5 Rxe5+ 30. Kf3 Rxc5 31. Ra1 Rc3+ 32. Kf4 Rxh3 33. a4 Kc7 34. Re1 Rd3 35. g5 Rd7 36.
Kf5 Kb6 37. Re6+ Ka5 38. Re4 b6 39. Ke6 Rc7 40. Rf4 a6 41. Rh4 g6 42. Kd6 Rc5 43. Rxh7 Rxg5 44. Rb7 Rg1 45. Ke5 g5 46. Kf5 g4 47. Kf4 Ra1 48. Kxg4 Rxa4+ 49. Kf3 Rd4 50. Ke3 Rd8 51. Ke4 b5 52. Ke5 Kb4 53. Ke6 Rd3 54.
Ra7 a5 55. Rc7 a4 56. Ke5 Rd8 57. Ke6 Kb3 58. Ke7 Rd1 59. Rc5 b4 60. Rd5 Rxd5 61. Ke6 Rd2 0-1

[Event "Late-Titled-Tuesday-Blitz-September-19-2023"]
[Site "Chess.com"]
[Date "2023.09.19"]
[Round "6"]
[White "McCarthyStone"]
[Black "Arimin1329"]
[Result "1-0"]
[WhiteElo "2441"]
[BlackElo "2255"]
[TimeControl "180+1"]
[EndTime "15:05:37 PDT"]
[Termination "McCarthyStone won by checkmate"]

1. b3 e5 2. Bb2 Nc6 3. e3 g6 4. h4 Nf6 5. d4 exd4 6. exd4 Bg7 7. d5 Nb8 8. Be2 h5 9. Nf3 d6 10. Ng5 O-O 11. Nc3 Nbd7 12. Qd2 Nc5 13. O-O-O Bf5 14. f3 a5 15. a4 Re8 16. Rdg1 Qd7 17. g4 hxg4 18. fxg4 Bxg4 19. Bxg4 Nxg4 20.
h5 Qf5 21. hxg6 fxg6 22. Rf1 Qd7 23. Rh7 Bh6 24. Rxd7 Nxd7 25. Kb1 Re5 26. Qd4 Ne3 27.
Rg1 Bxg5 28. Ne4 Nf5 29. Qd3 Be3 30. Rxg6+ Kf7 31. Bxe5 Nxe5 32. Rf6+ Ke7 33. Qe2 Rf8 34. Rxf8 Kxf8 35. Qh5 Ng7 36. Qh8+ Kf7 37. Qh1 Nf5 38. Qe1 Ne7 39. Qxe3 Nxd5 40. Qf2+ Ke6 41. Kb2 c5 42. Ng5+ Ke7 43. Qg2 Nf6 44. Qxb7+ Nfd7 45. Ne4 c4 46. Nc3 cxb3 47. cxb3 Ke6 48. Qb5 Ke7 49. Nd5+ Ke6 50. Nb6 Nc5 51. Nc4 Ned3+ 52. Kb1 d5 53. Qe8+ Kf5 54. Ne3+ Kf4 55. Nxd5+ Kf3 56. Qe3+ Kg2 57.
Nf4+ Kh2 58. Nxd3 Nxb3 59. Qf2+ Kh1 60. Ne1 Nd2+ 61. Qxd2 Kg1 62. Qg2# 1-0

[Event "Late-Titled-Tuesday-Blitz-September-19-2023"]
[Site "Chess.com"]
[Date "2023.09.19"]
[Round "6"]
[White "canary2016"]
[Black "Garmendiarov"]
[Result "1-0"]
[WhiteElo "2154"]
[BlackElo "2324"]
[TimeControl "180+1"]
[EndTime "15:05:37 PDT"]
[Termination "canary2016 won by resignation"]

1. d4 Nf6 2. c4 g6 3. Nc3 d5 4. cxd5 Nxd5 5. e4 Nxc3 6. bxc3 Bg7 7. Nf3 c5 8. Be3 O-O 9. Be2 Nc6 10. O-O cxd4 11. cxd4 Bg4 12. e5 Qa5 13. Rb1 b6 14.
Qb3 Be6 15. Bc4 Bxc4 16. Qxc4 Rac8 17. Qe2 Rfd8 18. Rfd1 Nb4 19. Bd2 Rc2 20. Qe1 Nd3 21. Bxa5 Nxe1 22. Bxe1 Rxa2 23. Ra1 Rxa1 24. Rxa1 a5 25.
Rb1 f6 26. exf6 Bxf6 27. Rxb6 Ra8 28. Rb2 a4 29. g3 g5 30. Kg2 g4 31. Ne5 h5 32.
Nc4 Bxd4 33. Ra2 Ra6 34. Bb4 e5 35. Nb2 Rb6 36. Ba3 Ra6 37. Be7 Kf7 38. Bg5 a3 39. Nc4 Bc5 40. Bc1 Ke6 41. Nxa3 Kd5 42. Ra1 Rf6 43. Ra2 Ra6 44. Rd2+ Ke6 45. Nc2 Ra2 46.
Re2 Kf5 47. Nd4+ Bxd4 48. Rxa2 e4 49. Re2 Bc3 50. Be3 Ba1 51. Ra2 Be5 52. Ra5 Ke6 53. Ra6+ Kf5 54. Ra8 Kg6 55. Rg8+ Kf7 56. Rg5 Kf6 57.
Rxh5 Bc3 58. Rh6+ Kf5 59. Rh7 Kg6 60. Rc7 Be5 61. Rc6+ Kf5 62. Rc5 Ke6 63. Rxe5+ Kxe5 64. Bf4+ Kf5 65. h3 gxh3+ 66. Kxh3 e3 67. fxe3 1-0

[Event "Late-Titled-Tuesday-Blitz-September-19-2023"]
[Site "Chess.com"]
[Date "2023.09.19"]
[Round "6"]
[White "VitaliyBernadskiy"]
[Black "Thjop"]
[Result "1-0"]
[WhiteElo "2855"]
[BlackElo "2621"]
[TimeControl "180+1"]
[EndTime "15:05:38 PDT"]
[Termination "VitaliyBernadskiy won on time"]

1. e4 e6 2. Nf3 d5 3. e5 c5 4. b4 cxb4 5. a3 bxa3 6. d4 Nc6 7. c3 Bd7 8. Bd3 a6 9. O-O Rc8 10. Re1 h6 11. Bxa3 Bxa3 12. Nxa3 Nge7 13. Nc2 Na5 14.
Ra3 Nc4 15. Bxc4 dxc4 16. Nd2 O-O 17. Ne4 Bc6 18. Nd6 Rc7 19. Ne3 Nc8 20. Nexc4 Bd5 21. Nxc8 Qxc8 22. Nd6 Qd7 23. Qd3 Qc6 24. Qg3 b5 25. h4 Ra8 26. Rb1 Rb8 27. Kh2 Qb6 28. Qf4 Qc6 29. h5 Rb6 30. Re1 Qd7 31. Re3 Qe7 32. Rg3 Kh8 33. Ra1 Rbc6 34. Qd2 Rxd6 35. exd6 Qxd6 36. Kg1 Ra7 37. Qb2 Bc4 38. Ra5 Rc7 39.
Re3 Rc6 40. Ra1 Bd5 41. Qa3 Qb8 42. Qe7 Kg8 43. Rg3 Qf8 44. Qf6 Kh8 45. Qe5 f6 46. Qe3 Qf7 47. Rg6 Qc7 48. Rg3 Qf7 49.
Rh3 Qc7 50. Qd3 Bc4 51. Qg6 Bd5 52. Rg3 Qe7 53. Re1 Rc7 54. Qd3 Qf7 55. Rg6 Bc4 56.
Qg3 Bd5 57. Qd6 Rc6 58. Qb4 Kg8 59. Re3 Qf8 60. Reg3 Rc7 61. Qa5 Qd6 62. Rxh6 Rd7 63. Rhg6 Qc6 64. h6 Be4 65. Rxg7+ Rxg7 66. Rxg7+ Kh8 67.
Qd8+ 1-0

[Event "Late-Titled-Tuesday-Blitz-September-19-2023"]
[Site "Chess.com"]
[Date "2023.09.19"]
[Round "6"]
[White "WPWPWP-2015"]
[Black "Rodalquilar"]
[Result "1-0"]
[WhiteElo "2552"]
[BlackElo "2740"]
[TimeControl "180+1"]
[EndTime "15:05:39 PDT"]
[Termination "WPWPWP-2015 won on time"]

1. e4 d5 2. exd5 Qxd5 3. Nc3 Qa5 4. Rb1 c6 5. b4 Qc7 6. Nf3 Nf6 7. g3 e5 8. d3 Bd6 9. Bg2 O-O 10. O-O h6 11. Re1 Bf5 12. a3 Re8 13. Ne4 Nxe4 14. dxe4 Be6 15. Nd2 Nd7 16. c4 Rad8 17. Qc2 a5 18. c5 Bf8 19. Nc4 axb4 20. axb4 Ra8 21. Be3 f6 22. Bf1 Be7 23. Red1 Nf8 24. Nd6 Red8 25. Nc4 Bf7 26. Be2 Ne6 27. Nb6 Rxd1+ 28. Rxd1 Rd8 29. Bc4 Nd4 30. Bxd4 exd4 31. Bxf7+ Kxf7 32. Qc4+ Kg6 33. Rxd4 Re8 34. Qe6 Qe5 35. Qxe5 fxe5 36.
Rd7 Bg5 37. Rxb7 Bd2 38. Nc4 Bc3 39. Rb6 Kh5 40. Kg2 Rf8 41. f3 Ra8 42. Rxc6 Bxb4 43. Nxe5 Ra2+ 44. Kh3 Bc3 45. Nd3 Bd2 46. Rd6 Be3 47.
c6 Rc2 48. Nf4+ Bxf4 49. gxf4 Rc3 50. Kg3 g6 51. h3 g5 52. fxg5 hxg5 53. Rd5 Rxc6 54.
h4 Kg6 55. Rxg5+ Kh6 56. Rg4 Rc1 57. Rg5 Rg1+ 58. Kf4 Rh1 59. Rg4 Kh5 60. Rg8 Rxh4+ 61. Kf5 Kh6 62. Rh8+ Kg7 63. Rxh4 1-0

[Event "Late-Titled-Tuesday-Blitz-September-19-2023"]
[Site "Chess.com"]
[Date "2023.09.19"]
[Round "6"]
[White "MikeSailer"]
[Black "Grig1508"]
[Result "1-0"]
[WhiteElo "2181"]
[BlackElo "2002"]
[TimeControl "180+1"]
[EndTime "15:05:39 PDT"]
[Termination "MikeSailer won on time"]

1. d4 d5 2. Nc3 e6 3. Bf4 Nf6 4.
Nb5 Bd6 5. Nxd6+ cxd6 6. e3 Nc6 7. Nf3 O-O 8. Be2 Re8 9. h3 e5 10. Bh2 Bf5 11. O-O Rc8 12. Rc1 Nb4 13. c3 Nc6 14. a3 Ne4 15. c4 dxc4 16. Bxc4 Qf6 17. dxe5 Nxe5 18. Nxe5 dxe5 19. f3 Nd6 20. Bd5 Qg6 21.
Rxc8 Rxc8 22. Bxe5 Bxh3 23. f4 Nf5 24. Be4 Bg4 25.
Qd3 Qh5 26. Bxb7 Rf8 27. Bf3 Ng3 28. Bxg4 Qxg4 29. Rf3 Nf5 30. b4 Nh4 31. Rf2 h5 32.
b5 Rc8 33. Rc2 Nf3+ 34. Kf2 Nxe5 35. Rxc8+ Qxc8 36. fxe5 Qe6 37. a4 Qa2+ 38. Kf3 Qxa4 39. Qd8+ Kh7 40. Qd7 Qa2 41. e6 Qxe6 42. Qxe6 fxe6 43.
Ke4 Kg6 44. Ke5 Kf7 45. Kd6 Kf6 46. Kc7 Ke5 47. Kb7 Ke4 48. Kxa7 Kxe3 49. b6 e5 50. b7 e4 51. b8=Q Kf2 52. Qf4+ Kxg2 53. Qxe4+ 1-0

[Event "Late-Titled-Tuesday-Blitz-September-19-2023"]
[Site "Chess.com"]
[Date "2023.09.19"]
[Round "6"]
[White "victormago"]
[Black "SaqoChess_Twitch"]
[Result "0-1"]
[WhiteElo "2524"]
[BlackElo "2670"]
[TimeControl "180+1"]
[EndTime "15:05:40 PDT"]
[Termination "SaqoChess_Twitch won by checkmate"]

1. d4 d5 2. c4 e6 3. Nc3 a6 4.
cxd5 exd5 5. Nf3 h6 6. h3 Nf6 7.
Bf4 Bd6 8. Bxd6 Qxd6 9. e3 O-O 10. Bd3 Nc6 11. O-O Ne7 12. Rc1 Bf5 13. Ne5 c5 14.
Bxf5 Nxf5 15. Nf3 cxd4 16. Nxd4 Nxd4 17. Qxd4 Rfd8 18. Rfd1 Rac8 19. Rc2 Rc4 20. Qd3 Qc6 21. Rcd2 d4 22. exd4 Rdxd4 23. Qxd4 Rxd4 24. Rxd4 b5 25. a3 a5 26. R1d2 g6 27. Rd6 Qc4 28. Rxf6 b4 29.
axb4 axb4 30. Rf3 bxc3 31. Rxc3 Qa2 32. Rcd3 Kg7 33. g3 h5 34. h4 Qa1+ 35. Kh2 Qb1 36.
Rf3 f5 37. Re3 Qf1 38. Ree2 Qc1 39. Rc2 Qb1 40. Kg2 Qd1 41. b4 f4 42. gxf4 Qd4 43. Rb2 Qxf4 44. f3 Qxh4 45. b5 Qg5+ 46. Kf2 Qc5+ 47.
Ke1 Qb6 48. Kf1 Kh6 49. Kg2 h4 50. Re4 g5 51. Rg4 Kh5 52. Re4 Qf6 53. Ree2 h3+ 54.
Kxh3 Qxf3+ 55. Kh2 Qf4+ 56. Kg2 Qg4+ 57. Kf2 Qf5+ 58. Kg2 Qg4+ 59. Kf2 Qd4+ 60. Kg2 Qb6 61. Rf2 Kh4 62. Rb4+ Kh5 63. Rbb2 g4 64. Rfe2 Kh4 65. Kh1 g3 66. Kg2 Qb7+ 67. Kg1 Qb6+ 68. Kg2 Qb7+ 69.
Kg1 Kh3 70. Red2 Qe4 71. Re2 Qd4+ 72. Kf1 Qd1+ 73. Re1 Qf3+ 74. Kg1 Qc3 75. Rbe2 Qc5+ 76. Kh1 Qxb5 77. Kg1 Qd5 78. Re5 Qg2# 0-1

[Event "Late-Titled-Tuesday-Blitz-September-19-2023"]
[Site "Chess.com"]
[Date "2023.09.19"]
[Round "6"]
[White "stasOR4ik"]
[Black "CraiggoryC"]
[Result "1-0"]
[WhiteElo "2442"]
[BlackElo "2243"]
[TimeControl "180+1"]
[EndTime "15:05:40 PDT"]
[Termination "stasOR4ik won on time"]

1. e4 e6 2. d4 d5 3. Nd2 Be7 4. Ngf3 Nf6 5. Bd3 c5 6. c3 cxd4 7. cxd4 dxe4 8. Nxe4 Nc6 9. O-O O-O 10. Re1 Nxd4 11.
Nxd4 Qxd4 12. Nxf6+ Bxf6 13. Bg5 Rd8 14. Qh5 Qxd3 15.
Bxf6 Rd5 16. Qg4 Qg6 17. Qxg6 hxg6 18. Bc3 Bd7 19. Rad1 Bc6 20. Rxd5 Bxd5 21. a3 a5 22. Rd1 Kf8 23. Kf1 Ke7 24. g3 f6 25. Ke2 g5 26. h4 gxh4 27. gxh4 b6 28. Rd4 Rc8 29. Rg4 Kf7 30. Ke3 e5 31. f4 Rc4 32. h5 Re4+ 33. Kf3 Rxf4+ 34. Kg3 Rxg4+ 35. Kxg4 Bc4 36. Bd2 Be2+ 37.
Kh4 Ke6 38. h6 gxh6 39. Bxh6 f5 40. Kg3 Kd5 41. Be3 b5 42. Bb6 a4 43. Kf2 Bd3 44. Ke3 Be4 45. Bc7 f4+ 46. Kd2 Bf5 47. Bb8 Bd7 48. Bc7 Ke4 49. Ke2 Kf5 50. Kf2 e4 51.
Ke2 Kg4 52. Kf2 Bc6 53. Bd6 e3+ 54. Ke2 Bd5 55. Kd3 Bc4+ 56. Kc2 e2 57. Kd2 f3 58. Bc5 Kh3 59. Ke1 Kg2 60. Bb6 Kg3 61. Bc5 Kf4 62. Bd6+ Ke4 63. Bc5 Kd3 64. Bd6 1-0

[Event "Late-Titled-Tuesday-Blitz-September-19-2023"]
[Site "Chess.com"]
[Date "2023.09.19"]
[Round "6"]
[White "elpatodice"]
[Black "IngOscarArdila"]
[Result "1-0"]
[WhiteElo "2372"]
[BlackElo "2297"]
[TimeControl "180+1"]
[EndTime "15:05:40 PDT"]
[Termination "elpatodice won on time"]

1. e4 e5 2. Nf3 Nf6 3. Nxe5 d6 4. Nf3 Nxe4 5. c3 Nf6 6. d4 Be7 7. Bd3 O-O 8. h3 Nbd7 9. O-O Re8 10. Re1 Nf8 11. Nbd2 Ng6 12. Nf1 Bd7 13. Qb3 Qc8 14.
Ng5 d5 15. Ng3 c6 16. Bd2 Bd6 17. Rxe8+ Nxe8 18. Nh5 h6 19. Nf3 b6 20. Qc2 Nf8 21. Re1 Bxh3 22. Rxe8 Qxe8 23. gxh3 Qe6 24. Kg2 g6 25. Ng3 Kg7 26. Qc1 h5 27. Bh6+ Kg8 28.
Bf4 Re8 29. Bxd6 Qxd6 30. Qg5 Qe7 31. Qf4 Ne6 32. Qh6 Qf8 33. Qd2 Qd6 34. Ne5 Kg7 35.
h4 Qd8 36. Kh3 c5 37. Bb5 Rf8 38. f4 Qf6 39. f5 Nc7 40. Nd7 Qd6 41. f6+ Kg8 42.
Qh6 Ne6 43. Nxf8 Qxf8 44. Qxf8+ Kxf8 45. dxc5 bxc5 46. Kg2 Nf4+ 47. Kf3 Ne6 48. Bd7 Nc7 49. Kf4 a5 50. Ke5 d4 51. cxd4 cxd4 52. Kxd4 Na6 53. a3 Nb8 54. Bb5 Kg8 55. b4 Kh7 56. Ne4 axb4 57. Ng5+ Kh6 58. axb4 1-0

[Event "Late-Titled-Tuesday-Blitz-September-19-2023"]
[Site "Chess.com"]
[Date "2023.09.19"]
[Round "6"]
[White "Botvinnak"]
[Black "midedu"]
[Result "0-1"]
[WhiteElo "2320"]
[BlackElo "2054"]
[TimeControl "180+1"]
[EndTime "15:05:40 PDT"]
[Termination "midedu won by checkmate"]

1. b3 Nf6 2. Bb2 b6 3. Nf3 Bb7 4. e3 e6 5. Be2 d6 6. O-O Nbd7 7. c4 Be7 8. Nc3 a6 9. d4 O-O 10. Qc2 c5 11. Rad1 cxd4 12. exd4 Rc8 13. Rfe1 Qc7 14.
Qb1 Qb8 15. Ng5 h6 16. Nge4 d5 17. Nxf6+ Nxf6 18. cxd5 Nxd5 19. Ne4 Qf4 20. Bf3 Bb4 21. Bc1 Qb8 22. Bd2 Be7 23. g3 f5 24. Nc5 bxc5 25. Rxe6 Bf6 26. dxc5 Rxc5 27. Qd3 Nc3 28. Rde1 Bxf3 29.
Qxf3 Qb5 30. Be3 Re5 31. Rxe5 Qxe5 32. Qb7 a5 33. Qc6 Ne4 34. Bf4 Qc5 35. Qe6+ Kh7 36. Be3 Qe5 37. Qc6 Rd8 38. Bf4 Qc5 39. Qxc5 Nxc5 40.
Bc7 Rd2 41. Bxa5 Rxa2 42. Bb6 Nxb3 43. Rd1 Nd2 44. Kg2 Ne4 45. Rd5 Kg6 46. h4 h5 47.
Kf3 Rd2 48. Rb5 Bd4 49. Bxd4 Rxd4 50. Rb2 Rd2 51. Rxd2 Nxd2+ 52. Kf4 Kf6 53. f3 g6 54. g4 fxg4 55. fxg4 hxg4 56. Kxg4 Nc4 57. h5 Ne5+ 58. Kh4 g5+ 59. Kh3 Kf5 60. Kg3 Nf7 61. Kf3 Nh6 62.
Kg3 g4 63. Kh4 Nf7 64. Kg3 Kg5 65. Kh2 Kxh5 66. Kg3 Kg5 67. Kh2 Kf4 68. Kg2 g3 69. Kh3 Kf3 70. Kh4 g2 71. Kh3 g1=Q 72. Kh4 Qg5+ 73.
Kh3 Qh5# 0-1

[Event "Late-Titled-Tuesday-Blitz-September-19-2023"]
[Site "Chess.com"]
[Date "2023.09.19"]
[Round "6"]
[White "aNaartjieZA"]
[Black "DvaHrasta"]
[Result "1/2-1/2"]
[WhiteElo "2598"]
[BlackElo "2512"]
[TimeControl "180+1"]
[EndTime "15:05:42 PDT"]
[Termination "Game drawn - insufficient material"]

1. e4 c6 2. d3 d5 3. Nd2 g6 4. Ngf3 Bg4 5. h3 Bxf3 6. Qxf3 Bg7 7. g3 Nf6 8. Bg2 O-O 9. O-O a5 10. a4 Na6 11. Qe2 e5 12. Nb3 h6 13. Bd2 Nb4 14. c3 Na6 15. Be3 Re8 16. Rfd1 Qc7 17. Qc2 b6 18. f4 exf4 19. gxf4 dxe4 20. dxe4 Rad8 21. Qf2 c5 22. e5 Nh7 23. Bf1 Nb8 24.
Bb5 Rxd1+ 25. Rxd1 Rd8 26. Rxd8+ Qxd8 27. Qd2 Qxd2 28.
Nxd2 Bf8 29. Nc4 g5 30. Nxb6 gxf4 31. Bxf4 Ng5 32. Bxg5 hxg5 33. Kg2 Bg7 34. Nc4 Kf8 35. Kf3 Ke7 36. Ke4 f6 37. exf6+ Kxf6 38. Nxa5 Bf8 39. Nc4 Ke6 40. a5 Nd7 41. a6 Nf6+ 42. Kf3 Nd5 43. a7 Nc7 44. Bc6 Bg7 45. a8=Q Nxa8 46. Bxa8 Bf6 47.
Ke4 Bg7 48. Bd5+ Kf6 49. Ne5 Ke7 50. Kf5 Kd6 51. Nf3 Kxd5 52. Kxg5 Kc4 53. Kg6 Bh8 54.
h4 Kb3 55. Nd2+ Kxb2 56. Ne4 c4 57. h5 Kc2 58. h6 Kd3 59. Ng5 Bxc3 60. Nh7 Bh8 61.
Nf8 c3 62. Ne6 c2 63. Ng7 c1=Q 64. Kh7 Qh1 65. Kg6 Qxh6+ 66. Kxh6 1/2-1/2

[Event "Late-Titled-Tuesday-Blitz-September-19-2023"]
[Site "Chess.com"]
[Date "2023.09.19"]
[Round "6"]
[White "CSB7"]
[Black "Nf3c5"]
[Result "1-0"]
[WhiteElo "2704"]
[BlackElo "2539"]
[TimeControl "180+1"]
[EndTime "15:05:43 PDT"]
[Termination "CSB7 won on time"]

1. Nf3 d5 2. g3 c6 3. Bg2 Nf6 4. c4 Bf5 5. Qb3 Qb6 6. d3 e6 7. Be3 Qa6 8. Nbd2 Nbd7 9. O-O h6 10. Bd4 Be7 11. Rfe1 O-O 12. e4 Bh7 13. exd5 cxd5 14. Ne5 Nc5 15. Qc3 Na4 16. Qc2 Rac8 17. b3 Nb6 18. Qb2 Rfd8 19. a3 dxc4 20. dxc4 Nbd7 21. Ndf3 Nxe5 22. Nxe5 Bc5 23. Bxc5 Rxc5 24. Rad1 Rcc8 25. b4 Qb6 26. c5 Qc7 27. Nc4 Rxd1 28. Rxd1 Be4 29.
Qe5 Bxg2 30. Qxc7 Rxc7 31. Rd8+ Kh7 32. Kxg2 b6 33. cxb6 axb6 34. Nxb6 Rc2 35. Rd3 Ne4 36. Rf3 f5 37. h4 g5 38. hxg5 hxg5 39. Na4 g4 40.
Rf4 Kg6 41. Nc5 Nd2 42. Nxe6 Rc1 43. Nd4 Ra1 44. a4 Rxa4 45. Nxf5 Nf3 46. Rxg4+ Kxf5 47. Rf4+ Ke5 48. Kxf3 Ra3+ 49. Kg2 Ra2 50. Rc4 Rb2 51. Rc5+ Ke4 52. Rb5 Kd4 53. Rb8 Kc4 54. b5 Kc5 55.
b6 Kc6 56. g4 Rb4 57. Kg3 Rb1 58. f3 Rb4 59. g5 Rb1 60. Kg4 Kd7 61. f4 Ke6 62. b7 Rg1+ 63. Kf3 Rf1+ 64. Kg2 1-0

[Event "Late-Titled-Tuesday-Blitz-September-19-2023"]
[Site "Chess.com"]
[Date "2023.09.19"]
[Round "6"]
[White "lefonghua"]
[Black "sergoy"]
[Result "0-1"]
[WhiteElo "2667"]
[BlackElo "2910"]
[TimeControl "180+1"]
[EndTime "15:05:44 PDT"]
[Termination "sergoy won by checkmate"]

1. d4 d5 2. c4 c6 3. Nf3 Nf6 4. Nc3 e6 5. e3 Nbd7 6. Qc2 Bd6 7. b3 O-O 8. Be2 Qe7 9. Bb2 b6 10. O-O Bb7 11. Rad1 Rac8 12. Rfe1 Rfe8 13. e4 dxe4 14.
Nxe4 Nxe4 15. Qxe4 Nf8 16. Qh4 Qxh4 17. Nxh4 Bb4 18.
Rf1 Red8 19. a3 Be7 20. Nf3 c5 21. dxc5 bxc5 22. Rxd8 Rxd8 23. Rd1 Rxd1+ 24. Bxd1 f6 25. Nd2 e5 26. Bf3 Bxf3 27. Nxf3 Ne6 28. Kf1 e4 29. Nd2 f5 30. Ke2 Nf4+ 31. Kf1 Kf7 32.
g3 Nd3 33. Bc3 Bg5 34. b4 Ke6 35. Nb3 cxb4 36. axb4 g6 37. Ke2 Be7 38. Nd4+ Kd7 39. Nc2 Nc1+ 40. Kd1 Nd3 41. Ke2 Nc1+ 42. Kd1 Na2 43.
Bd2 a6 44. Ke2 Kc7 45. f3 exf3+ 46. Kxf3 Bf6 47. Ke2 Nc3+ 48. Bxc3 Bxc3 49. h3 h5 50. Kf3 Be5 51. Ne3 Kc6 52. Nd5 Bd6 53. g4 fxg4+ 54.
hxg4 h4 55. g5 h3 56. Kf2 Bf8 57. Kg3 Kd6 58. Kxh3 Ke5 59. Kg4 Kd4 60. b5 axb5 61.
Nf4 bxc4 62. Nxg6 c3 63. Nxf8 c2 64. Kf5 c1=Q 65. Ng6 Qc2+ 66. Kf6 Qc6+ 67. Kg7 Ke4 68. Nf8 Kf5 69. g6 Qc7+ 70. Kh6 Kf6 71. Nh7+ Kf5 72. Nf8 Qe7 73. Nh7 Kg4 74. g7 Qe6+ 75. Nf6+ Qxf6+ 76. Kh7 Qf7 77. Kh8 Qh5+ 78. Kg8 Kf5 79. Kf8 Qh6 80. Kf7 Qf6+ 81. Kg8 Kg6 82. Kh8 Qxg7# 0-1

[Event "Late-Titled-Tuesday-Blitz-September-19-2023"]
[Site "Chess.com"]
[Date "2023.09.19"]
[Round "6"]
[White "atigerman"]
[Black "hansen"]
[Result "1-0"]
[WhiteElo "2698"]
[BlackElo "2922"]
[TimeControl "180+1"]
[EndTime "15:05:45 PDT"]
[Termination "atigerman won on time"]

1. e4 e5 2. Nf3 Nc6 3. Nc3 Nf6 4. Bb5 Bd6 5. g4 a6 6. Bc4 b5 7. Bb3 h6 8. d3 Na5 9. Rg1 Bb7 10. g5 hxg5 11.
Bxg5 Nxb3 12. axb3 Qe7 13. Nh4 Qe6 14. Nf5 Bf8 15. h4 g6 16. Ne3 c6 17. Qf3 Nh7 18. Ng4 f5 19. Ne3 f4 20. Ng4 Nxg5 21. hxg5 Be7 22.
O-O-O b4 23. Na4 c5 24. Nf6+ Kf7 25. Rh1 Bxf6 26. gxf6 d6 27. Nb6 Rad8 28. Rdg1 Qxf6 29. Qg4 Bc6 30. Kd2 Rxh1 31. Rxh1 Rh8 32. Nd5 Qg7 33.
Rg1 Re8 34. Qg5 Bxd5 35. exd5 Qf6 36. Qg2 e4 37. Qh3 e3+ 38. Ke2 exf2+ 39. Kxf2 Kg7 40.
Rh1 Qd4+ 41. Kf1 Qe5 42. Qh6+ Kf6 43. Qh4+ Qg5 44. Qh3 Re3 45. Qd7 Rf3+ 46. Ke1 Qg3+ 47. Kd1 Re3 48. Qxd6+ Kg5 49. Qd8+ Kg4 50. Qd7+ Kf3 51.
Rh3 g5 52. Rxg3+ Kxg3 53. Qf5 g4 54. d6 f3 55. d7 f2 56. d8=Q Re1+ 57. Kd2 f1=Q 58.
Qxf1 Rxf1 59. Qd6+ Kh3 60. Qxc5 g3 61. Qh5+ Kg2 62.
d4 Rf2+ 63. Ke3 Kg1 64. Qh4 Rg2 65. d5 Kf1 66. Qh1+ 1-0

[Event "Late-Titled-Tuesday-Blitz-September-19-2023"]
[Site "Chess.com"]
[Date "2023.09.19"]
[Round "6"]
[White "angelgab3"]
[Black "Lady_Nika"]
[Result "1-0"]
[WhiteElo "2583"]
[BlackElo "2461"]
[TimeControl "180+1"]
[EndTime "15:05:45 PDT"]
[Termination "angelgab3 won on time"]

1. e4 c6 2. d4 d5 3. e5 Bf5 4. Nd2 e6 5. Nb3 Nd7 6. Nf3 h6 7. Be2 a6 8. O-O c5 9. dxc5 Nxc5 10.
Nxc5 Bxc5 11. c4 Ne7 12. Qb3 Qb6 13. Qxb6 Bxb6 14. Bd2 dxc4 15. Bxc4 Nc6 16. Rac1 Ke7 17. Rfd1 Rhd8 18. h3 Be4 19. Bc3 Rac8 20. Be2 Bd5 21. b3 Ke8 22. Kf1 Ne7 23. Bb2 Rxc1 24. Rxc1 Kd7 25. Ne1 Rc8 26. Rxc8 Kxc8 27. Nd3 Nc6 28. Nf4 Be4 29. Nh5 g6 30. Nf6 Bb1 31. a3 Nd4 32.
Bc4 Bc2 33. b4 Ba7 34. Ng4 b5 35. Ba2 Bd3+ 36. Ke1 h5 37. Nh6 Nc6 38. Nxf7 Kd7 39. Ng5 Bc4 40. Bb1 Bd4 41. Bxd4 Nxd4 42. Bxg6 Nb3 43.
Bxh5 Bd5 44. g3 Nc1 45. Be2 Nb3 46. h4 Nd4 47. h5 Ke7 48. h6 Kf8 49. Bd1 Kg8 50.
Nh3 Bc4 51. Nf4 Nc6 52. Bg4 Kh7 53. Bxe6 Kxh6 54. Bxc4 bxc4 55. e6 Kg7 56. Kd2 Kf6 57. Kc3 Ke5 58. Kxc4 Ne7 59. Kc5 Ke4 60. Kb6 Kf3 61.
Kxa6 Kxf2 62. b5 Kxg3 63. Nd3 1-0